 Dungeon Crawl Stone Soup version 0.28.0-62-gf88900778d (webtiles) character file.

Game seed: 15825322296713727970

2661 cbfl8 the Cleaver (level 9, -3/77 HPs)
             Began as a Minotaur Fighter on Aug 31, 2023.
             Was a Priest of the Shining One.
             Slain by Harold
             ... wielding a +0 battleaxe
              (13 damage)
             ... on level 7 of the Dungeon.
             The game lasted 00:06:17 (6526 turns).

cbfl8 the Cleaver (Minotaur Fighter)                Turns: 6526, Time: 00:06:18

Health: -3/77      AC: 19    Str: 21    XL:     9   Next: 36%
Magic:  11/11      EV:  7    Int:  5    God:    the Shining One [***...]
Gold:   306        SH:  5    Dex: 14    Spells: 8/8 levels left

rFire   + . .      SeeInvis .   a - +0 war axe
rCold   x . .      Faith    +   c - +0 buckler
rNeg    + . .      Spirit   .   u - +0 chain mail
rPois   .          Reflect  .   b - +1 hat
rElec   .          Harm     .   C - +2 cloak {Stlth+}
rCorr   .          Rampage  .   o - +0 pair of gloves
Will    .....                   (no boots)
Stlth   ..........              F - amulet of faith
HPRegen 0.22/turn               i - ring of fire
MPRegen 0.12/turn               j - +4 ring of protection

@: marked, glowing
A: horns 2, retaliatory headbutt
a: Renounce Religion, Divine Shield, Cleansing Flame


You were on level 7 of the Dungeon.
You worshipped the Shining One.
The Shining One was most pleased with you.
You visited 1 branch of the dungeon, and saw 8 of its levels.

You collected 414 gold pieces.
You spent 108 gold pieces at shops.

Inventory:

Hand Weapons
 a - a +0 war axe (weapon)
Missiles
 G - a throwing net (quivered)
Armour
 b - a +1 hat (worn)
 c - a +0 buckler (worn)
 o - a +0 pair of gloves (worn)
 u - a +0 chain mail (worn)
 C - a +2 cloak of stealth (worn)
Jewellery
 i - a ring of fire (left hand)
 j - a +4 ring of protection (right hand)
 F - an amulet of faith (around neck)
Wands
 v - a wand of flame (21)
 w - a wand of polymorph (19)
 y - a wand of acid (4)
 E - a wand of iceblast (9)
Scrolls
 e - 6 scrolls of teleportation
 h - 2 scrolls of blinking {unknown}
 k - a scroll of torment {unknown}
 l - a scroll of summoning
 n - a scroll of magic mapping
 s - 3 scrolls of fear
 t - a scroll of enchant armour
 A - a scroll of immolation {unknown}
 J - 2 scrolls of fog {unknown}
Potions
 d - a potion of might
 f - a potion of brilliance {unknown}
 g - a potion of haste {unknown}
 m - a potion of resistance {unknown}
 p - 2 potions of curing {unknown}
 q - 2 potions of attraction {unknown}
 r - a potion of berserk rage {unknown}
 z - a potion of flight {unknown}
 B - a potion of invisibility
 H - a potion of heal wounds {unknown}
 I - a potion of lignification {unknown}


   Skills:
 + Level 6.3 Fighting
 + Level 10.1 Axes
 + Level 6.5 Armour
 + Level 5.2 Shields
 * Level 4.2 Invocations
 * Level 4.6 Evocations


You had 8 spell levels left.
You didn't know any spells.
Your spell library contained the following spells:

 Spells                   Type           Power      Damage    Failure   Level
 Magic Dart               Conj           0%         1d3       99%         1
 Call Imp                 Summ           0%         N/A       100%        2
 Static Discharge         Conj/Air       0%         N/A       100%        2
 Ignite Poison            Fire/Tmut/Pois 0%         N/A       100%        3
 Mephitic Cloud           Conj/Pois/Air  0%         N/A       100%        3
 Ozocubu's Armour         Ice            0%         N/A       100%        3
 Dispel Undead            Necr           0%         3d6       100%        4
 Sticky Flame             Conj/Fire      0%         2d3       100%        4
 Freezing Cloud           Conj/Ice/Air   0%         6-21      100%        5
 Ozocubu's Refrigeration  Ice            0%         4d5       100%        7


Dungeon Overview and Level Annotations

Branches:
Dungeon (8/15)             Temple (0/1) D:4
   Lair: D:8-11

Altars:
Cheibriados
Uskayaw
The Shining One

Shops:
D:7 *

Annotations:
D:7 Harold
D:8 Pikel


Innate Abilities, Weirdness & Mutations

You have a pair of horns on your head.
You reflexively headbutt those who attack you in melee.


Message History

Unknown command.
You hit Harold but do no damage.
Harold is lightly wounded.
Harold hits you but does no damage.
Unknown command.
You hit Harold but do no damage. You headbutt Harold.
Harold is moderately wounded.
Harold hits you with a +0 battleaxe!
Unknown command.
Unknown command.
You hit Harold but do no damage.
Harold is lightly wounded.
Harold hits you with a +0 battleaxe!
Unknown command.
You are too injured to fight recklessly!
You are too injured to fight recklessly!
You barely miss Harold. You headbutt Harold, but do no damage.
Harold is lightly wounded.
Harold hits you with a +0 battleaxe.
You slash Harold! You headbutt Harold.
Harold is moderately wounded.
Harold barely misses you.
You slash Harold! You headbutt Harold.
Harold is heavily wounded.
Harold hits you with a +0 battleaxe!
You hit Harold.
Harold is heavily wounded.
Harold hits you with a +0 battleaxe!
* * * LOW HITPOINT WARNING * * *
You slash Harold!
Harold is severely wounded.
Harold hits you with a +0 battleaxe!
* * * LOW HITPOINT WARNING * * *
You slash Harold!
Harold is almost dead.
You block Harold's attack.
You hit Harold but do no damage.
Harold is almost dead.
Harold hits you with a +0 battleaxe!
You die...

.....#
.....#############
.....#.#.........#
.........#######.#
.........# #.#
.........# #.#
#........# #.#
#####..### #@# #..# #@#
#####>.## ###.#######
........## #.........#
####.....## #.#.###.#.#
##.......## #.#.###.#.#
##.........###.......#.#
.'.........')))......#.#
##.........###....#..#.#
##.......####.#.##..#.#


You could see Harold.

Vanquished Creatures
  Joseph (D:7)
  A steam dragon (D:7)
  3 vampire mosquitoes (D:6)
  Menkaure (D:6)
  A water moccasin (D:7)
  A sky beast (D:7)
  A black bear (D:5)
  A necrophage (D:6)
  2 ogres
  2 phantoms
  3 bullfrogs
  A scorpion (D:4)
  A howler monkey (D:6)
  A centaur zombie (D:6)
  2 jellies
  4 hounds (D:7)
  A gnoll shaman (D:7)
  3 orc priests
  Crazy Yiuf (D:7)
  2 centaur skeletons
  An iguana (D:5)
  A killer bee zombie (D:5)
  A hound zombie (D:5)
  5 gnolls (D:7)
  11 adders
  A shadow imp (D:7)
  2 white imps
  An ufetubus (D:5)
  2 worms
  2 dart slugs
  15 orcs
  5 ball pythons
  4 endoplasms
  5 giant cockroaches
  8 goblins
  2 hobgoblins (D:2)
  2 jackals (D:3)
  3 kobolds (D:1)
  3 quokkas
  2 bats
  2 frilled lizards (D:2)
  5 rats
116 creatures vanquished.

Notes
Turn   | Place    | Note
-------+----------+-------------------------------------------
     0 | D:1      | cbfl8 the Minotaur Fighter began the quest for the Orb.
     0 | D:1      | Reached XP level 1. HP: 19/19 MP: 0/0
     6 | D:1      | Noticed a komodo dragon
     6 | D:1      | Noticed a polar bear
     7 | D:1      | Noticed a hound
     7 | D:1      | Noticed a rime drake
   283 | D:1      | Reached XP level 2. HP: 24/27 MP: 1/1
   729 | D:1      | Found a faded altar of an unknown god.
   994 | D:1      | Prayed at the altar of an unknown god.
   994 | D:1      | Became a worshipper of the Shining One
   994 | D:1      | Reached * piety under the Shining One
  1026 | D:2      | Reached skill level 3 in Axes
  1026 | D:2      | Reached skill level 1 in Evocations
  1026 | D:2      | Reached XP level 3. HP: 29/33 MP: 2/2
  1139 | D:2      | Reached XP level 4. HP: 40/40 MP: 3/3
  2026 | D:3      | Reached skill level 4 in Axes
  2026 | D:3      | Reached XP level 5. HP: 47/47 MP: 4/4
  2307 | D:3      | Found a hide-covered altar of Uskayaw.
  2952 | D:4      | Noticed an ogre
  2958 | D:4      | Killed an ogre
  2959 | D:4      | Reached skill level 5 in Axes
  3155 | D:4      | Reached XP level 6. HP: 53/53 MP: 5/5
  3217 | D:4      | Found a staircase to the Ecumenical Temple.
  3229 | D:4      | Reached ** piety under the Shining One
  3230 | D:4      | Reached skill level 1 in Invocations
  3288 | D:4      | Identified the +0 robe of Defiance {Str+4 Slay+6}
  3764 | D:5      | Entered Level 5 of the Dungeon
  3798 | D:5      | Reached skill level 5 in Armour
  3861 | D:4      | Reached skill level 6 in Axes
  4007 | D:5      | Reached XP level 7. HP: 55/60 MP: 5/7
  4280 | D:5      | Reached skill level 5 in Fighting
  4621 | D:6      | Noticed Menkaure
  4629 | D:6      | Killed Menkaure
  4630 | D:6      | Reached skill level 7 in Axes
  4737 | D:6      | Reached XP level 8. HP: 68/68 MP: 8/8
  4881 | D:6      | Found a snail-covered altar of Cheibriados.
  5018 | D:6      | Reached *** piety under the Shining One
  5028 | D:6      | Reached skill level 8 in Axes
  5202 | D:7      | Reached skill level 9 in Axes
  5483 | D:7      | Found a runed translucent door.
  5484 | D:7      | Noticed Crazy Yiuf
  5555 | D:7      | Reached skill level 5 in Shields
  5555 | D:7      | Reached XP level 9. HP: 69/75 MP: 10/10
  5759 | D:7      | Noticed Joseph
  5768 | D:7      | Killed Joseph
  6144 | D:7      | Reached skill level 10 in Axes
  6196 | D:7      | Found Tyin's Assorted Antiques.
  6200 | D:7      | Bought a scroll of teleportation for 81 gold pieces
  6200 | D:7      | Bought a scroll labelled UBUTEU DOAXET for 27 gold pieces
  6465 | D:7      | Killed Crazy Yiuf
  6510 | D:8      | Noticed Harold
  6511 | D:8      | Noticed Pikel
  6526 | D:7      | Slain by Harold

Illustrated notes

Levels and vault maps discovered:
D:1:      onia_arrival_zoo_common, layout_basic,
          shapermc_ecumenical_altar_mp_ritualfount
D:2:      layout_basic
D:3:      layout_loops_corners, lemuel_doored_altar
D:4:      layout_basic, minmay_temple_entry_offerings
D:5:      layout_gridville, st_stairs_6
D:6:      layout_rooms, mainiacjoe_overflow_alcove_1, minmay_misc_feat_rugged,
          uniq_menkaure
D:7:      layout_loops_corners, serial_shops, shop, uniq_joseph,
          uniq_crazy_yiuf_cottage
D:8:      layout_basic, erik_lair_island, uniq_harold, uniq_pikel,
          uniq_gastronok

Skill      XL: |  1  2  3  4  5  6  7  8  9 |
---------------+----------------------------+-----
Fighting       | 4 5 6 |  6.3
Axes           | 3 4 5 6 7 9 10 | 10.1
Armour         | 4 5 6 |  6.5
Shields        | 4 5 |  5.2
Evocations     | 1 2 3 4 |  4.6
Invocations    | 1 2 3 4 |  4.2

Action                   |  1- 3 |  4- 6 |  7- 9 || total
-------------------------+-------+-------+-------++-------
Melee: War axe           |    39 |    85 |   154 ||   278
       Headbutt          |     6 |    22 |    36 ||    64
  Use: Scroll            |     1 |     4 |     1 ||     6
Armor: Scale mail        |    15 |    24 |       ||    39
       Chain mail        |       |    16 |    99 ||   115
Dodge: Dodged            |    20 |    40 |    55 ||   115
Block: Buckler           |    10 |    15 |    35 ||    60
